[Event "November 21 Late 2023"]
[Site "https://www.chess.com"]
[Date "2023.11.21"]
[Round "4"]
[White "Toniutti, Ezio"]
[Black "Skvortsov, Andrei"]
[Result "0-1"]
[Board "47"]
[TimeControl "180+1"]
[WhiteFideId "113034"]
[BlackFideId "24108600"]
[WhiteElo "2215"]
[BlackElo "2357"]
[WhiteTeam "ARG"]
[BlackTeam "MNE"]
[WhiteClock "0:00:00"]
[BlackClock "0:01:54"]

1. d4 g6 2. c4 Bg7 3. Nc3 e6 4. e4 Ne7 5. Be2 O-O 6. Bg5 h6 7. Bh4 g5 8. Bg3 d5 9. h4 dxe4 10. hxg5 hxg5 11. Nxe4 Qxd4 12. Qxd4 Bxd4 13. O-O-O Nf5 14. Nxg5 Nxg3 15. fxg3 Be3+ 16. Kb1 Bxg5 17. Nf3 Bf6 18. Bd3 Re8 19. Bh7+ Kf8 20. g4 Nc6 21. Bc2 e5 22. g5 Bg7 23. Rdf1 Be6 24. g6 f6 25. b3 Ke7 26. Rh7 Rg8 27. Rg1 f5 28. g4 fxg4 29. Ng5 Nd4 30. Nxe6 Kxe6 31. Bd1 c6 32. Bxg4+ Kd6 33. Rf1 Raf8 34. Rxf8 Bxf8 35. Bh5 Rg7 36. Rh8 Be7 37. Rb8 Bh4 0-1

[Event "November 21 Late 2023"]
[Site "https://www.chess.com"]
[Date "2023.11.21"]
[Round "4"]
[White "Horak, Martin"]
[Black "Jarmula, Lukasz"]
[Result "0-1"]
[Board "48"]
[TimeControl "180+1"]
[WhiteFideId "367095"]
[BlackFideId "1160664"]
[WhiteElo "2091"]
[BlackElo "2372"]
[WhiteTeam "CZE"]
[BlackTeam "POL"]
[WhiteClock "0:00:00"]
[BlackClock "0:00:53"]

1. e4 c6 2. Nf3 d5 3. Nc3 dxe4 4. Nxe4 Nf6 5. Qe2 Nxe4 6. Qxe4 Nd7 7. Bc4 Nf6 8. Ne5 e6 9. Qe2 b5 10. Bd3 Bb7 11. a4 a6 12. O-O Bd6 13. b3 O-O 14. Bb2 Nd5 15. g3 f5 16. Nf3 Re8 17. Nd4 Qf6 18. Rfe1 Qg6 19. Nf3 Nf4 20. Qe3 c5 21. axb5 Qg4 22. Ne5 Bxe5 23. Bxe5 Ng2 24. Qe2 Qh3 25. f3 Nxe1 26. Rxe1 Qh5 27. Kg2 axb5 28. Bxb5 Red8 29. d3 Ra2 30. Rf1 Bd5 31. Bc4 Bxc4 32. bxc4 Qe8 33. Bc3 Qd7 34. Rf2 Qd6 35. Qe3 h6 36. h4 Re8 37. Be5 Qc6 38. Qf4 Qa4 0-1

[Event "November 21 Late 2023"]
[Site "https://www.chess.com"]
[Date "2023.11.21"]
[Round "4"]
[White "Bilan, Danila"]
[Black "Zakaryan, David"]
[Result "0-1"]
[Board "49"]
[TimeControl "180+1"]
[WhiteFideId "24161918"]
[BlackFideId "24101923"]
[WhiteElo "2146"]
[BlackElo "2323"]
[WhiteTeam "RUS"]
[BlackTeam "RUS"]
[WhiteClock "0:00:41"]
[BlackClock "0:01:46"]

1. d4 e6 2. Nf3 c5 3. e3 b6 4. Bd3 Bb7 5. O-O Nf6 6. c3 Be7 7. Nbd2 cxd4 8. exd4 O-O 9. Qe2 d6 10. Re1 a6 11. a4 Nbd7 12. Nf1 Re8 13. Ng3 Nf8 14. h4 Qc7 15. h5 h6 16. Nh2 N8h7 17. Ng4 Bf8 18. Bf4 Nd5 19. Bd2 f5 20. Ne3 Nf4 21. Qd1 Nxd3 22. Rf1 f4 0-1

[Event "November 21 Late 2023"]
[Site "https://www.chess.com"]
[Date "2023.11.21"]
[Round "4"]
[White "Przybylski, Wojciech"]
[Black "Nazari, Arad"]
[Result "0-1"]
[Board "50"]
[TimeControl "180+1"]
[WhiteFideId "1117599"]
[BlackFideId "12577324"]
[WhiteElo "2203"]
[BlackElo "2100"]
[WhiteTeam "POL"]
[BlackTeam "IRI"]
[WhiteClock "0:00:04"]
[BlackClock "0:00:16"]

1. e4 c5 2. Nf3 d6 3. d4 cxd4 4. Nxd4 Nf6 5. Nc3 a6 6. h3 e5 7. Nde2 h5 8. Nd5 Be6 9. Nec3 Nbd7 10. g3 b5 11. Bg2 Nb6 12. Nxb6 Qxb6 13. Be3 Qb7 14. O-O Be7 15. Re1 Rc8 16. a3 Rc4 17. Bd2 O-O 18. Nd5 Nxd5 19. exd5 Bxd5 20. Bxd5 Qxd5 21. c3 h4 22. Be3 Qxd1 23. Raxd1 hxg3 24. fxg3 f6 25. g4 Kf7 26. Rd5 Ke6 27. Red1 g6 28. Kg2 f5 29. gxf5+ gxf5 30. Bf2 Rg8+ 31. Kh2 Rf4 32. Bb6 Rc4 33. R5d2 f4 34. Re1 e4 35. Bd4 d5 36. b3 Rcc8 37. Rg1 Bh4 38. Rg4 Bg3+ 39. Kg2 Kf5 40. Rxg8 Rxg8 41. Bf2 Bxf2+ 42. Kf1 e3 43. Rxd5+ Ke4 44. Rg5 Rxg5 45. c4 Rg1+ 46. Ke2 f3# 0-1

[Event "November 21 Late 2023"]
[Site "https://www.chess.com"]
[Date "2023.11.21"]
[Round "4"]
[White "Vadim_Galchenko"]
[Black "Schnaider, Ilan"]
[Result "1-0"]
[Board "51"]
[TimeControl "180+1"]
[BlackFideId "169013"]
[WhiteElo "2475"]
[BlackElo "2373"]
[BlackTeam "ARG"]
[WhiteClock "0:00:11"]
[BlackClock "0:00:08"]

1. e4 e5 2. Nc3 Nc6 3. Bc4 Nf6 4. d3 Bc5 5. f4 d6 6. Nf3 Bg4 7. h3 Bxf3 8. Qxf3 Nd4 9. Qg3 Nxc2+ 10. Kd1 Nxa1 11. Qxg7 Rf8 12. fxe5 Nh5 13. Qh6 Qh4 14. Rf1 O-O-O 15. Bg5 Qg3 16. Qxh5 Qxg2 17. Qg4+ Qxg4+ 18. hxg4 Rde8 19. Kd2 Rxe5 20. Bf6 Ree8 21. Rxa1 c6 22. Bg7 Rg8 23. Bxf7 Rxg7 24. Bxe8 Rxg4 25. Rh1 Rg7 26. Bh5 b5 27. Ne2 a5 28. d4 Bb4+ 29. Ke3 Kc7 30. a3 c5 31. axb4 cxb4 32. Nf4 Kb6 33. Bf3 a4 34. Rh6 Rd7 35. e5 Ka5 36. Rxd6 Rc7 37. Nd5 Rc2 38. Rd8 Ka6 39. Ra8+ Kb7 40. Nxb4+ Kb6 41. Nxc2 h5 42. Bxh5 b4 43. Rxa4 b3 44. Rb4+ Kc6 45. Bf3+ Kd7 46. Rxb3 Ke6 47. Be4 Kf7 48. Rb6 Kg7 49. d5 Kf7 50. Nd4 Kg7 51. Kf4 Kf7 52. Rf6+ Ke7 53. d6+ Kd7 54. Bc6+ Kc8 55. Rf8# 1-0

[Event "November 21 Late 2023"]
[Site "https://www.chess.com"]
[Date "2023.11.21"]
[Round "4"]
[White "Korchmar, Vasiliy"]
[Black "Joie, Sebastien"]
[Result "1-0"]
[Board "52"]
[TimeControl "180+1"]
[WhiteFideId "24131750"]
[BlackFideId "650420"]
[WhiteElo "2372"]
[BlackElo "2396"]
[WhiteTeam "RUS"]
[BlackTeam "FRA"]
[WhiteClock "0:02:27"]
[BlackClock "0:00:05"]

1. e4 c5 2. d4 cxd4 3. Qxd4 Nc6 4. Qd3 g6 5. Nc3 Bg7 6. Nf3 Nf6 7. Be2 O-O 8. O-O d6 9. Nd5 Bd7 10. c3 Rc8 11. Bg5 Ng4 12. Rad1 f6 13. Bh4 Qa5 14. b4 Qa4 15. b5 Nce5 16. Nxe5 Nxe5 17. Nxe7+ Kh8 18. Qxd6 Qxa2 19. Nxc8 Rxc8 20. f4 Qxe2 21. fxe5 Bxb5 22. Bxf6 Qe3+ 23. Kh1 Bxf1 24. Qd8+ Rxd8 25. Rxd8# 1-0

[Event "November 21 Late 2023"]
[Site "https://www.chess.com"]
[Date "2023.11.21"]
[Round "4"]
[White "Goltsev, Dmitry"]
[Black "ATM622"]
[Result "1-0"]
[Board "53"]
[TimeControl "180+1"]
[WhiteFideId "24176710"]
[WhiteElo "2370"]
[BlackElo "2463"]
[WhiteTeam "RUS"]
[WhiteClock "0:00:12"]
[BlackClock "0:00:02"]

1. e4 c6 2. d4 d5 3. Nc3 dxe4 4. Nxe4 Bf5 5. Ng3 Bg6 6. Nh3 e6 7. Nf4 Bd6 8. c3 Nf6 9. h4 Bxf4 10. Bxf4 h6 11. Bc4 Nd5 12. Bd2 a5 13. h5 Bh7 14. Qg4 Qf6 15. O-O Nd7 16. Rae1 O-O 17. f4 b5 18. Be2 Bf5 19. Qf3 Qh4 20. Nxf5 exf5 21. g3 Qf6 22. Bd3 Rfe8 23. Re5 Ne7 24. Re2 Nd5 25. Rfe1 Kf8 26. Re5 Ne7 27. R5e2 Nd5 28. Bxb5 Rxe2 29. Bxe2 Re8 30. Bc4 Rxe1+ 31. Bxe1 N7b6 32. Bd3 Qe6 33. Bd2 Na4 34. c4 Nb4 35. b3 Nb2 36. Bf1 Qe4 37. Qxe4 fxe4 38. Bg2 f5 39. g4 Nc2 40. gxf5 Nxd4 41. Bxe4 c5 42. Bxa5 Ne2+ 43. Kf2 Nxf4 44. Bb6 Nfd3+ 45. Bxd3 Nxd3+ 46. Ke3 Nc1 47. Bxc5+ Kf7 48. Bb4 Nxa2 49. Bd2 Kf6 50. Kd3 Kxf5 51. Kc2 g6 52. hxg6 Kxg6 53. Kb2 h5 54. Kxa2 h4 55. Bf4 1-0

[Event "November 21 Late 2023"]
[Site "https://www.chess.com"]
[Date "2023.11.21"]
[Round "4"]
[White "Trost, Edvin"]
[Black "Kovalevsky, Stanislav"]
[Result "0-1"]
[Board "54"]
[TimeControl "180+1"]
[WhiteFideId "1729519"]
[BlackFideId "13508598"]
[WhiteElo "2385"]
[BlackElo "2092"]
[WhiteTeam "SWE"]
[BlackTeam "FID"]
[WhiteClock "0:02:01"]
[BlackClock "0:00:42"]

1. e4 c6 2. f3 d5 3. d4 dxe4 4. fxe4 e5 5. Nf3 Bg4 6. Nbd2 exd4 7. Bd3 Nd7 8. O-O Ne5 9. h3 Nxd3 10. cxd3 Be6 11. e5 Ne7 12. Ne4 Ng6 13. Bg5 Be7 14. Nd6+ Kf8 15. Bxe7+ Qxe7 16. Qe2 c5 17. b4 b6 18. bxc5 bxc5 19. Rab1 Bd5 20. Rb5 Bxf3 21. Qxf3 Rd8 22. Rb7 Nxe5 23. Rxe7 Nxf3+ 24. Rxf3 Kxe7 25. Ne4 Rd5 26. Rf2 f6 27. Re2 Re5 28. Rb2 Rd8 29. Kf2 c4 30. Kf3 c3 31. Rf2 Rf5+ 32. Kg3 Rxf2 33. Kxf2 c2 34. a4 c1=Q 35. a5 Qc2+ 36. Kg1 Qxd3 37. Nf2 Qe3 38. a6 Rc8 39. g4 Rc2 40. Kg2 Qxf2+ 41. Kh1 Qg2# 0-1

[Event "November 21 Late 2023"]
[Site "https://www.chess.com"]
[Date "2023.11.21"]
[Round "4"]
[White "Djokic, Mihailo"]
[Black "Jimenez Ruano, Adrian"]
[Result "1-0"]
[Board "55"]
[TimeControl "180+1"]
[WhiteFideId "976440"]
[BlackFideId "22276050"]
[WhiteElo "2265"]
[BlackElo "2215"]
[WhiteTeam "SRB"]
[BlackTeam "ESP"]
[WhiteClock "0:00:46"]
[BlackClock "0:00:03"]

1. e4 c6 2. d4 d5 3. e5 Bf5 4. h4 h5 5. Bg5 Qb6 6. Bd3 Bxd3 7. Qxd3 e6 8. Nd2 c5 9. c4 Nc6 10. Ngf3 Nb4 11. Qb3 cxd4 12. O-O f6 13. Bf4 Ne7 14. Rfe1 Ng6 15. Bg3 Bc5 16. exf6 gxf6 17. cxd5 e5 18. Ne4 O-O 19. Rac1 Na6 20. Qc2 Rac8 21. Nxc5 Kf7 22. Qf5 Nxc5 23. Bxe5 Kg7 24. Bxd4 Qd6 25. Ng5 b6 26. b4 Qd7 27. Qxd7+ Nxd7 28. Ne6+ Kf7 29. Nxf8 Rxc1 30. Rxc1 Ngxf8 31. Rc7 1-0

[Event "November 21 Late 2023"]
[Site "https://www.chess.com"]
[Date "2023.11.21"]
[Round "4"]
[White "Hamitevici, Vladimir"]
[Black "topce"]
[Result "0-1"]
[Board "56"]
[TimeControl "180+1"]
[WhiteFideId "13902393"]
[WhiteElo "2405"]
[BlackElo "2450"]
[WhiteTeam "MDA"]
[WhiteClock "0:00:00"]
[BlackClock "0:00:12"]

1. c4 c5 2. Nc3 Nc6 3. e3 g6 4. Nge2 Bg7 5. g3 d6 6. Bg2 Bf5 7. d3 h5 8. e4 Bd7 9. h3 a6 10. a4 Rb8 11. O-O Qc8 12. Kh2 Nf6 13. Bg5 Nh7 14. Be3 Nf6 15. Nd5 Nxd5 16. cxd5 Nb4 17. d4 c4 18. f4 Nd3 19. Qc2 b5 20. axb5 axb5 21. b3 O-O 22. e5 Bf5 23. bxc4 bxc4 24. Qa4 Rb2 25. Nc3 Bxh3 26. Rg1 Bxg2 27. Rxg2 Rxg2+ 28. Kxg2 Qg4 29. Qxc4 h4 30. Qxd3 Qxg3+ 31. Kf1 h3 32. Ke2 Qg2+ 33. Bf2 Rb8 34. Nd1 h2 35. Ne3 Rb2+ 36. Nc2 h1=Q 37. Rxh1 Qxh1 38. Be1 Qxd5 0-1

[Event "November 21 Late 2023"]
[Site "https://www.chess.com"]
[Date "2023.11.21"]
[Round "4"]
[White "Arabidze, Meri"]
[Black "Rakitic2010"]
[Result "1-0"]
[Board "57"]
[TimeControl "180+1"]
[WhiteFideId "13604040"]
[WhiteElo "2416"]
[BlackElo "2447"]
[WhiteTeam "GEO"]
[WhiteClock "0:01:47"]
[BlackClock "0:00:41"]

1. Nf3 Nf6 2. b3 g6 3. Bb2 Bg7 4. g3 O-O 5. Bg2 Ne8 6. Bxg7 Nxg7 7. O-O d5 8. d4 c5 9. dxc5 Nc6 10. c3 a5 11. Nbd2 Ne6 12. c4 Nxc5 13. Rc1 Na6 14. cxd5 Qxd5 15. Nc4 Qxd1 16. Rfxd1 Be6 17. Ng5 Bxc4 18. Rxc4 Rfd8 19. Rxd8+ Rxd8 20. Bxc6 bxc6 21. Rxc6 Nb4 22. Rc7 Kg7 23. h4 h6 24. Nf3 Nxa2 25. Rxe7 Kf6 26. Ra7 Nc1 27. Rxa5 Nxb3 28. Ra6+ Kg7 29. Ra7 Nd4 30. Ne5 Nxe2+ 31. Kf1 Nd4 32. Nxf7 Rc8 33. Nd6+ Rc7 34. Rxc7+ 1-0

[Event "November 21 Late 2023"]
[Site "https://www.chess.com"]
[Date "2023.11.21"]
[Round "4"]
[White "Real_taiatai"]
[Black "Zhurbinsky, David"]
[Result "1-0"]
[Board "58"]
[TimeControl "180+1"]
[BlackFideId "2072904"]
[WhiteElo "2446"]
[BlackElo "2637"]
[BlackTeam "USA"]
[WhiteClock "0:00:19"]
[BlackClock "0:00:02"]

1. e4 e5 2. Nf3 Nc6 3. Bc4 Bc5 4. O-O d6 5. c3 Bb6 6. h3 Nf6 7. Re1 O-O 8. d4 Qe7 9. a4 a6 10. Bg5 h6 11. Bh4 Rd8 12. Bb3 g5 13. Bg3 Kg7 14. Na3 Nh5 15. Nc4 Nxg3 16. fxg3 Ba7 17. Kh2 Qf6 18. Rf1 Qg6 19. g4 Qxe4 20. Bc2 Qd5 21. Ne3 Qe6 22. Nf5+ Kh8 23. d5 Qf6 24. dxc6 bxc6 25. Nd2 d5 26. Ng3 Qe7 27. Bf5 Bb7 28. Qe2 e4 29. Nb3 Bb6 30. Rae1 Qe5 31. Nd2 Re8 32. Bxe4 dxe4 33. Rf5 Qe6 34. Ndxe4 c5 35. Qf2 c4 36. Qf1 Kg7 37. Rf6 Qe5 38. Kh1 Re7 39. Nh5+ Kg8 40. Rxh6 Bxe4 41. Rxe4 Qxe4 42. Nf6+ Kg7 43. Nxe4 Rxe4 44. Qf6+ Kg8 45. Rh8# 1-0

[Event "November 21 Late 2023"]
[Site "https://www.chess.com"]
[Date "2023.11.21"]
[Round "4"]
[White "Taboas Rodriguez, Daniel"]
[Black "Gurevich, Dmitry"]
[Result "1/2-1/2"]
[Board "59"]
[TimeControl "180+1"]
[WhiteFideId "2208466"]
[BlackFideId "2000407"]
[WhiteElo "2365"]
[BlackElo "2506"]
[WhiteTeam "ESP"]
[BlackTeam "USA"]
[WhiteClock "0:00:42"]
[BlackClock "0:00:09"]

1. d4 Nf6 2. Nf3 e6 3. c4 a6 4. Nc3 c5 5. e3 d5 6. a3 Nc6 7. dxc5 Bxc5 8. b4 Ba7 9. Bb2 O-O 10. Rc1 d4 11. exd4 Nxd4 12. Nxd4 Qxd4 13. c5 Qxd1+ 14. Rxd1 e5 15. Bc4 b6 16. c6 b5 17. Bb3 Bg4 18. f3 Bf5 19. Nd5 Nxd5 20. Bxd5 Rac8 21. Ke2 Rfe8 22. Rc1 Be6 23. Rhd1 Bb6 24. Bxe6 Rxe6 25. c7 Kf8 26. Rd7 Ke8 27. Rd5 Rxc7 28. Rxc7 Bxc7 29. Kd3 Rd6 30. Rxd6 Bxd6 31. Ke4 f6 32. Kd5 Kd7 33. g4 Bc7 34. h4 Bb6 35. h5 Be3 36. Ke4 Bb6 37. Kd5 Be3 38. Ke4 Bd2 39. Kd5 g6 40. hxg6 hxg6 41. Kc5 Be3+ 42. Kd5 Bb6 43. Bc1 Bc7 44. Bb2 Bd6 45. Bc1 Bc7 46. Be3 Bd6 47. Bb6 f5 48. gxf5 gxf5 49. Bf2 e4 50. fxe4 fxe4 51. Kxe4 Ke6 52. Kd4 Be7 53. Be3 Bf8 54. Bf4 Be7 55. Be5 Bf8 56. Bg3 Be7 57. Bf2 Bf8 58. Bh4 Bd6 59. Be1 Bf8 60. Bd2 Kd6 61. Bf4+ Kc6 62. Kc3 a5 63. bxa5 Bxa3 64. Kb3 Bc5 65. Bd2 Kb7 66. Bc3 Ka6 67. Bd2 Bd6 68. Bc3 Bc7 69. Bd2 Bxa5 70. Bxa5 Kxa5 71. Ka3 b4+ 72. Kb3 Kb5 73. Kb2 Ka4 74. Ka2 b3+ 75. Kb2 Kb4 76. Kb1 Ka3 77. Ka1 b2+ 78. Kb1 Ka4 79. Kxb2 1/2-1/2

[Event "November 21 Late 2023"]
[Site "https://www.chess.com"]
[Date "2023.11.21"]
[Round "4"]
[White "Lebedev, Artem S."]
[Black "Poltorak, Sebastian"]
[Result "0-1"]
[Board "60"]
[TimeControl "180+1"]
[WhiteFideId "34272747"]
[BlackFideId "1199498"]
[WhiteElo "1952"]
[BlackElo "2250"]
[WhiteTeam "RUS"]
[BlackTeam "POL"]
[WhiteClock "0:00:00"]
[BlackClock "0:01:19"]

1. e4 e5 2. Nf3 Nc6 3. Bb5 Bc5 4. O-O d6 5. c3 Bb6 6. d4 Bd7 7. dxe5 Nxe5 8. Nxe5 dxe5 9. Bxd7+ Qxd7 10. Qxd7+ Kxd7 11. Rd1+ Ke6 12. Kf1 Nf6 13. f3 Rad8 14. Ke2 Rxd1 15. Kxd1 Rd8+ 16. Ke2 Bg1 17. h3 Nh5 18. Nd2 Ng3+ 19. Ke1 f5 20. exf5+ Kxf5 21. Nc4 e4 22. fxe4+ Kxe4 23. Bg5 Rf8 24. Nd2+ Kd3 25. Nf3 Re8+ 26. Kd1 Ne4 27. Bf4 Nf2+ 28. Kc1 Re4 29. Bg3 Nh1 30. Bh4 Be3+ 31. Kd1 Nf2+ 32. Bxf2 Bxf2 33. Rc1 Re2 34. Rb1 c5 35. c4 Re7 36. Rc1 Bd4 37. Rc2 g5 38. b3 g4 39. Rd2+ Kc3 40. Rc2+ Kd3 41. Rd2+ Kc3 42. Rc2+ Kb4 43. Nxd4 cxd4 44. hxg4 d3 45. Rf2 Kc3 46. g5 Re5 47. Rf4 Rxg5 48. Rf2 Rh5 49. Rf1 Rg5 50. Rg1 h5 0-1

[Event "November 21 Late 2023"]
[Site "https://www.chess.com"]
[Date "2023.11.21"]
[Round "4"]
[White "Feng, Eric"]
[Black "Su, Dion"]
[Result "1-0"]
[Board "61"]
[TimeControl "180+1"]
[WhiteFideId "30952590"]
[BlackFideId "2029731"]
[WhiteElo "1785"]
[BlackElo "2409"]
[WhiteTeam "USA"]
[BlackTeam "USA"]
[WhiteClock "0:00:34"]
[BlackClock "0:00:03"]

1. d4 Nf6 2. c4 e6 3. Nf3 d5 4. g3 Be7 5. Bg2 O-O 6. O-O a5 7. Qc2 c6 8. Nbd2 Nbd7 9. e4 b6 10. e5 Ne8 11. cxd5 cxd5 12. Rd1 Bb7 13. Nf1 Rc8 14. Qb1 Nc7 15. h4 h6 16. Ne3 f6 17. exf6 Bxf6 18. Ng4 b5 19. Nfe5 Nxe5 20. dxe5 Be7 21. Bxh6 gxh6 22. Qg6+ Kh8 23. Qxh6+ Kg8 24. Qg6+ Kh8 25. Bf1 Qe8 26. Qh6+ Kg8 27. Bd3 Qf7 28. Nf6+ Bxf6 29. exf6 e5 30. Bg6 Qd7 31. Bf5 Qf7 32. Qg5+ Kh8 33. Bg6 Qd7 34. Qxe5 Rf7 35. Rd4 Re8 36. Qh5+ Kg8 37. Bxf7+ Qxf7 38. Rg4+ Kf8 39. Qh8+ 1-0

[Event "November 21 Late 2023"]
[Site "https://www.chess.com"]
[Date "2023.11.21"]
[Round "4"]
[White "Willy, Stephen"]
[Black "Gimenez Aguirre, Alejo Ismael"]
[Result "1-0"]
[Board "62"]
[TimeControl "180+1"]
[WhiteFideId "30981468"]
[BlackFideId "32041667"]
[WhiteElo "2139"]
[BlackElo "2165"]
[WhiteTeam "USA"]
[BlackTeam "ARG"]
[WhiteClock "0:01:50"]
[BlackClock "0:02:11"]

1. e4 c5 2. Nc3 g6 3. d4 cxd4 4. Qxd4 Nf6 5. e5 Nc6 6. Qf4 Nh5 7. Qe4 d5 8. Qxd5 Qc7 9. Nb5 Qb6 10. Be3 Qa5+ 11. b4 Qd8 12. O-O-O Be6 13. Qxd8+ Rxd8 14. Nc7# 1-0

[Event "November 21 Late 2023"]
[Site "https://www.chess.com"]
[Date "2023.11.21"]
[Round "4"]
[White "Wieczorek, Oskar"]
[Black "Bashylina, Luisa"]
[Result "1-0"]
[Board "63"]
[TimeControl "180+1"]
[WhiteFideId "1133950"]
[BlackFideId "12983292"]
[WhiteElo "2407"]
[BlackElo "2067"]
[WhiteTeam "POL"]
[BlackTeam "GER"]
[WhiteClock "0:00:30"]
[BlackClock "0:00:01"]

1. e4 c5 2. Nf3 e6 3. g3 a6 4. Bg2 Qc7 5. O-O Nc6 6. c3 d6 7. d4 Nf6 8. d5 Nd8 9. b4 cxb4 10. cxb4 Be7 11. Bb2 O-O 12. Nc3 b5 13. Rc1 Qb6 14. Qd3 e5 15. Nd2 Nb7 16. a3 Bd7 17. Nb3 Rfc8 18. Rc2 Rc4 19. Bc1 Rac8 20. Be3 Qc7 21. Rfc1 a5 22. Nd2 axb4 23. axb4 Ng4 24. Nxc4 bxc4 25. Qe2 Nxe3 26. Qxe3 h6 27. Nb1 Bb5 28. Bf1 Bg5 29. f4 exf4 30. gxf4 Bf6 31. Bxc4 Bxc4 32. Rxc4 1-0

[Event "November 21 Late 2023"]
[Site "https://www.chess.com"]
[Date "2023.11.21"]
[Round "4"]
[White "Eggleston, Thomas A"]
[Black "Olsen, Filip Boe"]
[Result "0-1"]
[Board "64"]
[TimeControl "180+1"]
[WhiteFideId "412139"]
[BlackFideId "1440640"]
[WhiteElo "2169"]
[BlackElo "2322"]
[WhiteTeam "ENG"]
[BlackTeam "DEN"]
[WhiteClock "0:00:03"]
[BlackClock "0:01:22"]

1. e4 c6 2. Nf3 d5 3. d3 Bg4 4. h3 Bxf3 5. Qxf3 e6 6. g3 Nf6 7. Bg2 Be7 8. O-O O-O 9. e5 Nfd7 10. Qe2 c5 11. c4 Nc6 12. f4 Nd4 13. Qd1 dxc4 14. dxc4 Nb6 15. b3 Qc7 16. Nc3 Rad8 17. a4 f6 18. Ra2 fxe5 19. a5 Nc8 20. Ne4 exf4 21. Bxf4 e5 22. Bg5 Nf3+ 23. Qxf3 Rxf3 24. Bxf3 Rd3 25. Bxe7 Nxe7 26. Bg4 Qc6 27. Raf2 h5 28. Rf8+ Kh7 29. Ng5+ Kg6 30. Bf5+ Nxf5 31. R8xf5 Rxg3+ 32. Kh2 Qg2# 0-1

[Event "November 21 Late 2023"]
[Site "https://www.chess.com"]
[Date "2023.11.21"]
[Round "4"]
[White "Maect19"]
[Black "Vlassov, Nikolai"]
[Result "0-1"]
[Board "65"]
[TimeControl "180+1"]
[BlackFideId "4103360"]
[WhiteElo "2351"]
[BlackElo "2324"]
[BlackTeam "FID"]
[WhiteClock "0:00:27"]
[BlackClock "0:01:16"]

1. d4 Nf6 2. Nf3 e6 3. e3 c5 4. Bd3 b6 5. b3 Bb7 6. Bb2 Be7 7. O-O cxd4 8. exd4 O-O 9. Nbd2 d5 10. c4 Nbd7 11. Qe2 Rc8 12. Rac1 Re8 13. Ne5 Nf8 14. Ndf3 Ne4 15. Bb1 f6 16. Nd3 Ng6 17. Nd2 Bd6 18. f3 Nxd2 19. Qxd2 Ba6 20. cxd5 exd5 21. Rxc8 Qxc8 22. Rc1 Qb8 23. g3 Bxg3 24. hxg3 Qxg3+ 25. Qg2 Qxg2+ 26. Kxg2 Bxd3 27. Kg3 Bxb1 28. Rxb1 Re2 29. a4 h5 30. Ba3 h4+ 31. Kg4 Rg2+ 32. Kf5 Kf7 33. Bc1 h3 34. Bf4 Nh4# 0-1

[Event "November 21 Late 2023"]
[Site "https://www.chess.com"]
[Date "2023.11.21"]
[Round "4"]
[White "TheKnightOfBosnia"]
[Black "Zampronha, Wladimir Camilo"]
[Result "1-0"]
[Board "66"]
[TimeControl "180+1"]
[BlackFideId "2103087"]
[WhiteElo "2612"]
[BlackElo "2055"]
[BlackTeam "BRA"]
[WhiteClock "0:01:24"]
[BlackClock "0:01:34"]

1. e4 c5 2. Nf3 e6 3. d4 cxd4 4. Nxd4 Nc6 5. Nc3 Qc7 6. a3 a6 7. Be2 Nf6 8. f4 Nxd4 9. Qxd4 Bc5 10. Qd3 d6 11. Be3 O-O 12. Rd1 Bxe3 13. Qxe3 d5 14. e5 Nd7 15. Bd3 Qc5 16. Qh3 g6 17. Rf1 f5 18. exf6 Nxf6 19. Rf3 Bd7 20. Qh4 Qg1+ 21. Bf1 Rac8 22. Rd2 Ne4 23. Nxe4 dxe4 24. Rxd7 1-0

[Event "November 21 Late 2023"]
[Site "https://www.chess.com"]
[Date "2023.11.21"]
[Round "4"]
[White "gpsji27"]
[Black "Wadsworth, Matthew J"]
[Result "0-1"]
[Board "67"]
[TimeControl "180+1"]
[BlackFideId "415804"]
[WhiteElo "2332"]
[BlackElo "2266"]
[BlackTeam "ENG"]
[WhiteClock "0:00:00"]
[BlackClock "0:00:08"]

1. d4 d5 2. Nf3 Nf6 3. c4 c6 4. Nc3 a6 5. cxd5 cxd5 6. Bf4 Nc6 7. e3 Bg4 8. Be2 e6 9. h3 Bxf3 10. Bxf3 Bd6 11. Bxd6 Qxd6 12. O-O O-O 13. Rc1 Rfc8 14. Qb3 Na5 15. Qc2 Rc6 16. Qe2 Rac8 17. Rc2 b5 18. a3 Nc4 19. Nb1 R8c7 20. Rfc1 Qd7 21. b3 Nd6 22. Rc5 Nde4 23. Bxe4 Nxe4 24. Rxc6 Rxc6 25. Qb2 Qc7 26. Rxc6 Qxc6 27. Nd2 Nd6 28. Nf3 f6 29. Ne1 a5 30. Nd3 a4 31. Nc5 axb3 32. Qxb3 Kf7 33. Qb4 Nc4 34. a4 bxa4 35. Qxa4 Qxa4 36. Nxa4 e5 37. Kf1 Ke6 38. Ke2 h5 39. Nc5+ Kf5 40. h4 Nd6 41. Kf3 e4+ 42. Kg3 g5 43. hxg5 fxg5 44. Nd7 Nb5 45. Nb6 Nc3 46. Nc8 Ne2+ 47. Kh2 g4 48. Nb6 Ke6 49. Na4 h4 50. Nc5+ Kf5 51. Nd7 Nc3 52. Ne5 Nd1 53. Kg1 g3 54. fxg3 hxg3 55. Nd7 Nxe3 56. Nb6 Ke6 57. Na4 Nc2 58. Nc5+ Kf5 59. Nb3 Kf4 60. Kf1 Ke3 61. Na5 Kd2 62. Nb3+ Kd1 0-1

[Event "November 21 Late 2023"]
[Site "https://www.chess.com"]
[Date "2023.11.21"]
[Round "4"]
[White "Skatchkov, Valery"]
[Black "OKEKE, Isaac Chukwudalu"]
[Result "1-0"]
[Board "68"]
[TimeControl "180+1"]
[WhiteFideId "24195812"]
[BlackFideId "8508526"]
[WhiteElo "2320"]
[BlackElo "2161"]
[WhiteTeam "RUS"]
[BlackTeam "NGR"]
[WhiteClock "0:00:40"]
[BlackClock "0:00:00"]

1. d4 Nf6 2. c4 e6 3. Nf3 d5 4. g3 Be7 5. Bg2 O-O 6. Nc3 c5 7. cxd5 exd5 8. O-O cxd4 9. Nxd4 Nc6 10. Be3 Be6 11. Qb3 Nxd4 12. Bxd4 Qd7 13. Rad1 Ne4 14. Bxg7 Kxg7 15. Nxe4 d4 16. Qf3 f5 17. Nc3 Rad8 18. e3 d3 19. Qxb7 Qxb7 20. Bxb7 Bf6 21. Rd2 Rd7 22. Ba6 Rb8 23. Rfd1 Rxb2 24. Rxb2 Bxc3 25. Rb7 Rxb7 26. Bxb7 d2 27. a3 Bb3 28. Bf3 Bxd1 29. Bxd1 a5 30. Kf1 Kf6 31. Ke2 Bb2 32. a4 Bc3 33. Kd3 Bb4 34. Bc2 h6 35. h3 Ke5 36. g4 fxg4 37. hxg4 Kf6 38. f4 Ke6 39. Bb3+ Kf6 40. Ke2 Bc3 41. e4 Ke7 42. e5 Kd7 43. Kd3 Bb4 44. Ke4 Ke7 45. f5 Kf8 46. f6 Ke8 47. Kf5 d1=Q 48. Bxd1 Bd2 49. Bb3 Bg5 50. e6 1-0

[Event "November 21 Late 2023"]
[Site "https://www.chess.com"]
[Date "2023.11.21"]
[Round "4"]
[White "Liu, Leonardo"]
[Black "Zarnicki, Pablo"]
[Result "0-1"]
[Board "69"]
[TimeControl "180+1"]
[WhiteFideId "30965780"]
[BlackFideId "100137"]
[WhiteElo "2281"]
[BlackElo "2468"]
[WhiteTeam "USA"]
[BlackTeam "ARG"]
[WhiteClock "0:00:18"]
[BlackClock "0:00:45"]

1. e4 c5 2. Nc3 e6 3. g3 d5 4. exd5 exd5 5. d4 cxd4 6. Qxd4 Nc6 7. Qxd5 Be6 8. Qe4 Nf6 9. Qa4 Bb4 10. Bd2 Bxc3 11. Bxc3 Qd5 12. f3 Rd8 13. Be2 O-O 14. Bd3 Ne5 15. O-O-O Qc5 16. Bxe5 Qxe5 17. f4 Qe3+ 18. Kb1 Bd5 19. Nh3 Bxh1 20. Rxh1 a6 21. Qb3 Rfe8 22. a3 h6 23. Rf1 Ne4 24. Bxe4 Qxb3 25. cxb3 Rxe4 26. Ng1 Rde8 27. Nf3 Re2 28. b4 R8e3 29. Ka2 Rg2 30. a4 Ree2 31. Rb1 Ref2 32. Nd4 Rxh2 33. b5 axb5 34. Nxb5 Rhg2 35. Nd6 b6 36. Nc4 Rxg3 37. Nxb6 Rxf4 38. a5 Rb4 39. Rc1 Rg5 40. Rc8+ Kh7 41. Ka3 Rgb5 42. Nc4 Rxc4 43. Rxc4 Rxa5+ 44. Kb3 g5 45. Kc2 Kg6 46. b4 Rb5 47. Kc3 h5 48. Rc6+ f6 49. Kc4 Rb8 50. b5 h4 51. Rc7 h3 52. Kd4 g4 53. Ke3 Rxb5 54. Kf2 h2 55. Kg2 Rh5 56. Kh1 Kg5 57. Rg7+ Kf4 58. Ra7 f5 59. Ra4+ Kg5 60. Ra5 Rh3 61. Ra8 f4 62. Ra5+ Kh4 63. Ra8 Rb3 64. Kxh2 Rb2+ 65. Kg1 Kg3 66. Kf1 f3 67. Ke1 f2+ 68. Kf1 Rb1+ 69. Ke2 f1=Q+ 70. Ke3 Qf3+ 71. Kd4 Qxa8 0-1